 Dungeon Crawl Stone Soup version 0.21-a0-509-gecc5317 (webtiles) character file.

10676 nikopol the Thaumaturge (level 11, 0/55 HPs)
             Began as a Deep Elf Fire Elementalist on Nov 27, 2017.
             Was a Follower of Sif Muna.
             Shot with an arrow by a centaur (1 damage)
             ... on level 11 of the Dungeon on Nov 29, 2017.
             The game lasted 00:53:16 (12676 turns).

nikopol the Thaumaturge (DEFE)                     Turns: 12676, Time: 00:53:18

Health: 0/55       AC:  5    Str:  5    XL:     11   Next: 39%
Magic:  10/30      EV: 15    Int: 24    God:    Sif Muna [*.....]
Gold:   348        SH:  0    Dex: 15    Spells: 17/37 levels left

rFire    + . .     SeeInvis .   O - staff of fire
rCold    . . .     Gourm    .   (no shield)
rNeg     . . .     Faith    .   a - +0 robe
rPois    +         Spirit   .   (no helmet)
rElec    .         Reflect  .   p - +0 cloak
rCorr    +         Harm     .   f - +1 pair of gloves
MR       +....                  (no boots)
Stlth    +++.......             (no amulet)
HPRegen  0.18/turn              J - ring of poison resistance
MPRegen  0.22/turn              C - ring of resist corrosion

@: studying Fire Magic
A: no striking features
a: Divine Energy, Renounce Religion


You were on level 11 of the Dungeon.
You worshipped Sif Muna.
Sif Muna was aware of your devotion.
You were near starving.

You visited 2 branches of the dungeon, and saw 12 of its levels.

You collected 348 gold pieces.

Inventory:

Hand Weapons
 A - the +8 trident of the Octopus King {venom, rElec rPois MR+}
   (You found it on level 5 of the Dungeon)

   It poisons the flesh of those it strikes.
   It insulates you from electricity.
   It protects you from poison.
   It affects your resistance to hostile enchantments.
Armour
 a - a +0 robe (worn)
 f - a +1 pair of gloves (worn)
 p - a +0 cloak (worn)
Magical Staves
 K - an uncursed staff of earth
 O - an uncursed staff of fire (weapon)
Jewellery
 y - a +3 ring of evasion
 C - a ring of resist corrosion (right hand)
 J - a ring of poison resistance (left hand)
Wands
 n - a wand of iceblast (10)
 u - a wand of digging (18)
 E - a wand of paralysis (10)
Scrolls
 l - 2 scrolls of magic mapping
 w - a scroll of remove curse
 z - a scroll of fog
 H - 2 scrolls of enchant armour
Potions
 e - 2 potions of heal wounds
 j - 3 potions of curing
 k - a potion of might
 m - a potion of berserk rage
 s - 2 potions of lignification
 t - a potion of brilliance
 v - 3 potions of flight
 x - 2 potions of magic
 B - a potion of mutation {unknown}
 D - 4 potions of agility
 G - 2 potions of cancellation
Books
 N - a manual of Fire Magic
 P - a book of Fire

   Spells                             Type                      Level
   a - Ignite Poison                  Fire/Transmutation/Poison    3
   b - Fireball                       Conjuration/Fire             5
   c - Bolt of Fire                   Conjuration/Fire             6
   d - Ring of Flames                 Charms/Fire                  7
   e - Ignition                       Fire                         8
Miscellaneous
 I - a lamp of fire
Comestibles
 c - 10 bread rations
 g - 10 meat rations
 o - 2 fruits
 q - 18 royal jellies


   Skills:
 - Level 0.4 Fighting
 + Level 5.3 Dodging
 + Level 5.2 Stealth
 + Level 13.6 Spellcasting
 + Level 10.5 Conjurations
 + Level 1.9 Hexes
 + Level 11.0 Fire Magic


You had 17 spell levels left.
You knew the following spells:

 Your Spells              Type           Power        Failure   Level  Hunger
a - Flame Tongue          Conj/Fire      #####        1%          1    None
b - Throw Flame           Conj/Fire      ######       1%          2    None
c - Conjure Flame         Conj/Fire      #######.     1%          3    None
d - Fireball              Conj/Fire      #######...   1%          5    ###....
e - Dazzling Spray        Conj/Hex       #####.       1%          3    None
f - Bolt of Fire          Conj/Fire      #######...   7%          6    #####..


Dungeon Overview and Level Annotations

Branches:
Dungeon (11/15)            Temple (1/1) D:6
   Lair: D:8-11         Orc: D:9-12

Altars:
Ashenzari
Cheibriados
Dithmenos
Elyvilon
Fedhas
Gozag
Hepliaklqana
Kikubaaqudgha
Makhleb
Nemelex Xobeh
Okawaru
Qazlal
Ru
Sif Muna
Trog
Uskayaw
Vehumet
Wu Jian
Xom
Yredelemnul
Zin
The Shining One

Shops:
D:10 (


Message History

Confirm with . or Enter, or press ? or * to list all spells.
Aiming: Fireball
Press: ? - help, Shift-Dir - straight line, f - centaur
Aim: a centaur (hasn't noticed you)
You feel a surge of power!
The fireball explodes!
The fireball engulfs the centaur.
You kill the centaur!
Sif Muna accepts your kill.
Your Fire Magic skill increases to level 11!
You hear a shout!
You hear a bark!
You hear a shout!
You hear an angry buzzing noise.
You hear a shout!
You hear an angry buzzing noise. 2 centaurs come into view.
The centaur wields a shortbow.
The centaur shoots an arrow.
The arrow hits you!
* * * LOW HITPOINT WARNING * * *
You hear a bark!
You see here an arrow.
The centaur shoots an arrow.
The arrow closely misses you.
The centaur shoots an arrow.
The arrow hits you.
You die...

#######
#####..@..######.
......(...)..cc.. ..
#####.#.#(######
#.## #.#.#.# ..# #
#.#.######## #.##
#...(..?...###..##
.####......C.......
#.!..............5..
######..........C...


You could see 2 centaurs.

Vanquished Creatures
  An ugly thing (D:7)
  A kobold demonologist (D:11)
  The ghost of kibaces the Firebug, a novice OpFE of Sif Muna (D:5)
  2 trolls
  A queen bee (D:9)
  A hippogriff (D:7)
  11 yaks
  A human (D:7)
  2 hungry ghosts
  5 fire bats (D:10)
  4 hogs (D:7)
  Menkaure (D:5)
  3 sky beasts (D:6)
  An ice beast (D:6)
  3 necrophages
  2 orc warriors
  A phantom (D:10)
  6 ogres
  4 centaurs
  A crocodile (D:9)
  5 bullfrogs
  2 scorpions
  36 killer bees
  An electric eel (D:7)
  4 howler monkeys
  5 crimson imps
  A bullfrog zombie (D:9)
  A jelly (D:11)
  3 quasits
  5 orc priests
  2 hounds (D:9)
  3 bullfrog skeletons (D:7)
  11 orc wizards
  2 iguanas (D:9)
  3 centaur skeletons
  9 worker ants
  A killer bee zombie (D:8)
  A hound skeleton (D:7)
  A worker ant zombie (D:5)
  12 adders
  7 gnolls
  A shadow imp (D:10)
  2 adder zombies
  An adder skeleton (D:4)
  2 dart slugs
  7 leopard geckos
  40 orcs
  A ball python (D:7)
  6 bats
  5 giant cockroaches
  5 hobgoblins
  10 jackals
  6 kobolds
  4 quokkas
  7 frilled lizards
  2 goblins (D:2)
  A quokka skeleton (D:9)
  6 rats
273 creatures vanquished.

Notes
Turn   | Place    | Note
-------+----------+-------------------------------------------
     0 | D:1      | nikopol the Deep Elf Fire Elementalist began the quest for the Orb.
     0 | D:1      | Reached XP level 1. HP: 10/10 MP: 6/6
   267 | D:1      | Reached XP level 2. HP: 15/15 MP: 5/8
   498 | D:1      | Reached XP level 3. HP: 15/19 MP: 1/9
   506 | D:1      | Learned a level 2 spell: Throw Flame
   510 | D:1      | Learned a level 3 spell: Conjure Flame
  1582 | D:3      | Reached XP level 4. HP: 24/24 MP: 2/11
  2642 | D:3      | Reached XP level 5. HP: 28/28 MP: 6/12
  2649 | D:3      | Learned a level 5 spell: Fireball
  2871 | D:3      | Found a hide-covered altar of Uskayaw.
  2954 | D:4      | Reached skill level 4 in Spellcasting
  3035 | D:4      | Reached skill level 5 in Fire Magic
  3102 | D:4      | Found a snail-covered altar of Cheibriados.
  3335 | D:4      | Reached XP level 6. HP: 27/32 MP: 6/15
  3628 | D:4      | Reached skill level 5 in Spellcasting
  3986 | D:4      | Reached XP level 7. HP: 14/37 MP: 11/17
  4365 | D:5      | Entered Level 5 of the Dungeon
  4714 | D:5      | Found the +8 trident of the Octopus King {venom, rElec rPois MR+}
  4928 | D:5      | Reached skill level 6 in Spellcasting
  5023 | D:5      | Found a blossoming altar of Fedhas.
  5154 | D:5      | Noticed kibaces's ghost (novice OpFE)
  5170 | D:5      | Killed kibaces's ghost
  5170 | D:5      | Reached skill level 5 in Conjurations
  5413 | D:5      | Reached skill level 7 in Spellcasting
  5413 | D:5      | Reached XP level 8. HP: 35/42 MP: 9/20
  5615 | D:5      | Found a hazy altar of Hepliaklqana.
  5685 | D:5      | Noticed Menkaure
  5689 | D:5      | Killed Menkaure
  6032 | D:6      | Found a staircase to the Ecumenical Temple.
  6041 | Temple   | Entered the Ecumenical Temple
  6373 | D:6      | Found a shadowy altar of Dithmenos.
  6424 | D:6      | Reached skill level 8 in Spellcasting
  6472 | D:6      | Learned a level 3 spell: Dazzling Spray
  6676 | D:6      | Reached skill level 9 in Spellcasting
  6812 | D:6      | Reached XP level 9. HP: 35/46 MP: 16/24
  7269 | D:7      | Reached skill level 5 in Stealth
  7314 | D:7      | Reached skill level 10 in Spellcasting
  7509 | D:7      | Reached skill level 11 in Spellcasting
  8002 | D:7      | Reached XP level 10. HP: 46/51 MP: 24/27
  8365 | D:8      | Found a bloodstained altar of Trog.
  8408 | D:8      | Noticed a cyan ugly thing
  8681 | D:7      | Killed a cyan ugly thing
  9349 | D:9      | Reached skill level 12 in Spellcasting
  9581 | D:9      | Found a deep blue altar of Sif Muna.
 10509 | D:9      | Found an ancient bone altar of Kikubaaqudgha.
 10520 | D:9      | Found a shattered altar of Ashenzari.
 10535 | D:9      | Found an iron altar of Okawaru.
 10546 | D:9      | Found a white marble altar of Elyvilon.
 10565 | D:9      | Became a worshipper of Sif Muna the Loreminder
 10567 | D:9      | Upgraded the game from 0.21-a0-507-ga8f6b7a to 0.21-a0-508-gf08a75f
 10779 | D:9      | Reached skill level 10 in Fire Magic
 10780 | D:9      | Reached skill level 5 in Dodging
 11002 | D:9      | Reached XP level 11. HP: 55/55 MP: 8/29
 11143 | D:9      | Reached skill level 10 in Conjurations
 11144 | D:9      | Reached * piety under Sif Muna
 11347 | D:10     | Entered Level 10 of the Dungeon
 11471 | D:10     | Reached skill level 13 in Spellcasting
 11699 | D:10     | Noticed a fire dragon
 11752 | D:10     | Reached skill level 1 in Hexes
 12060 | D:10     | Found Cuolotups's Weapon Boutique.
 12108 | D:10     | Found the +7 great mace "Firestarter" {inner flame, rF++}
 12137 | D:10     | Learned a level 6 spell: Bolt of Fire
 12330 | D:10     | Upgraded the game from 0.21-a0-508-gf08a75f to 0.21-a0-509-gecc5317
 12674 | D:11     | HP: 1/55 [centaur/arrow (9)]
 12676 | D:11     | Shot with an arrow by a centaur

Vault maps used:
D:1:      dpeg_arrival_snail, hangedman_decor_riveting
D:3:      lemuel_doored_altar, first_bread
D:4:      cheibriados_altar_1, portal_sewer_entry_d, grunt_decor_arrowhead
D:5:      marbit_many_paths, basic_altar, uniq_menkaure
D:6:      minmay_temple_entry_overgrown, grunt_dithmenos_smoke
D:7:      grunt_livestock, lightli_minifort
D:8:      lemuel_crystal_altar
D:9:      lemuel_crystal_altar, nicolae_overflow_quartered_altars, special_room
D:10:     minmay_firetagon, serial_shops, kennysheep_mini
D:11:     lair_entry_dummy
Temple:   oiseaux_autumnal_temple

Skill      XL: |  1  2  3  4  5  6  7  8  9 10 11 |
---------------+----------------------------------+-----
Fire Magic     | 4 5 6 7 9 10 11 | 11.0
Conjurations   | 3 4 5 6 8 9 10 | 10.5
Stealth        | 3 4 5 |  5.2
Spellcasting   | 4 5 7 9 11 12 13 | 13.6
Dodging        | 3 4 5 |  5.3
Hexes          | 1 |  1.9
Fighting       | |  0.4

Action                   |  1- 3 |  4- 6 |  7- 9 | 10-12 || total
-------------------------+-------+-------+-------+-------++-------
Melee: Trident           |       |       |    37 |     5 ||    42
 Cast: Flame Tongue      |    53 |   123 |   173 |   209 ||   558
       Conjure Flame     |     1 |     4 |     9 |     8 ||    22
       Throw Flame       |       |       |    22 |    42 ||    64
       Fireball          |       |       |    15 |    29 ||    44
       Dazzling Spray    |       |       |     3 |    35 ||    38
Evoke: Wand              |       |       |       |     1 ||     1
  Use: Scroll            |       |     2 |     3 |    18 ||    23
       Potion            |       |       |       |     2 ||     2
 Stab: Invisible         |       |       |     1 |       ||     1
  Eat: Chunk             |     2 |     7 |    16 |    14 ||    39
       Fruit             |       |       |       |     1 ||     1
Armor: Robe              |     3 |     7 |    13 |    13 ||    36
Dodge: Dodged            |    16 |    22 |    58 |   158 ||   254

Table legend:
 A = Spawn XP
 B = Non-spawn XP
 C = Spawn XP percentage of total XP
 D = Spawn monster count
 E = Non-spawn monster count
 F = Spawn count percentage of total count
 G = Total turns spent on level
                    A         B        C        D         E        F      G
               +---------+---------+-------+---------+---------+-------+---------
         Total |       0 |   15252 |   0.0 |       0 |     273 |   0.0 | 12676
               +---------+---------+-------+---------+---------+-------+---------
           D:1 |       0 |      47 |   0.0 |       0 |      18 |   0.0 |   967
           D:2 |       0 |      45 |   0.0 |       0 |      14 |   0.0 |  1191
           D:3 |       0 |     111 |   0.0 |       0 |      21 |   0.0 |   923
           D:4 |       0 |     536 |   0.0 |       0 |      30 |   0.0 |  1284
           D:5 |       0 |    1117 |   0.0 |       0 |      29 |   0.0 |  1501
           D:6 |       0 |    1385 |   0.0 |       0 |      23 |   0.0 |   911
           D:7 |       0 |    3115 |   0.0 |       0 |      38 |   0.0 |  1557
           D:8 |       0 |    1527 |   0.0 |       0 |      25 |   0.0 |  1047
           D:9 |       0 |    3684 |   0.0 |       0 |      49 |   0.0 |  1662
          D:10 |       0 |    2733 |   0.0 |       0 |      20 |   0.0 |  1271
          D:11 |       0 |     952 |   0.0 |       0 |       6 |   0.0 |    58
               +---------+---------+-------+---------+---------+-------+---------
